 Dungeon Crawl Stone Soup version 0.19.0-20-gbc5f0c6 (webtiles) character file.

13716 mmcf the Grappler (level 11, 0/113 HPs)
             Began as a Troll Monk on Nov 17, 2016.
             Was the Champion of Ru.
             Slain by a red ugly thing (34 damage)
             ... on level 11 of the Dungeon.
             The game lasted 00:40:14 (11420 turns).

mmcf the Grappler (Troll Monk)                     Turns: 11420, Time: 00:40:15

Health: 0/113      AC: 24    Str: 21    XL:     11   Next: 79%
Magic:  10/10      EV:  9    Int:  6    God:    Ru [******]
Gold:   864        SH:  0    Dex: 15    Spells: 0 memorised, 10 levels left

rFire  x . .     SeeInvis .       - Unarmed
rCold  x . .     Gourm    +     g - +6 shadow dragon scales of Dithmenos's Generosity {rCorr Stlth++++}
rNeg   . . .     Faith    .     (no shield)
rPois  +         Spirit   .     (helmet restricted)
rElec  .         Reflect  .     E - +2 cloak {rPois}
rCorr  +         Harm     .     (gloves unavailable)
MR     +....                    (boots unavailable)
Stlth  +++.......               r - amulet of magic regeneration
                                (no ring)
                                J - ring of protection from magic

@: no status effects
A: unfitting armour, claws 3, fast metabolism 3, gourmand, regeneration 1,
shaggy fur 1, tough skin 2, inability to use devices, hated by all, temperature
sensitive
a: Draw Out Power, Power Leap, Apocalypse, Renounce Religion


You were on level 11 of the Dungeon.
You worshipped Ru.
Ru was exalted by your worship.
You were not hungry.

You visited 3 branches of the dungeon, and saw 15 of its levels.

You collected 864 gold pieces.

Inventory:

Hand Weapons
 a - a +0 blowgun
 D - a +0 morningstar
 F - a +0 fustibalus
Missiles
 m - 2 curare-tipped needles
 n - 96 poisoned needles
 q - 427 stones (quivered)
 w - 116 sling bullets
 y - 8 needles of sleeping
Armour
 g - the +6 shadow dragon scales of Dithmenos's Generosity (worn) {rCorr Stlth++++}
   (You acquired it on level 10 of the Dungeon)

   It protects you from acid and corrosion.
   It makes you much more stealthy.
 E - a +2 cloak of poison resistance (worn)
 N - a +0 shield
 O - +0 steam dragon scales
Jewellery
 f - an uncursed ring of teleportation
 r - an amulet of magic regeneration (around neck)
 J - a ring of protection from magic (left claw)
 U - an uncursed ring of protection from magic
Scrolls
 t - 4 scrolls of teleportation
 x - 3 scrolls of remove curse
 B - 4 scrolls of magic mapping
 I - 2 scrolls of fog
 K - a scroll of amnesia {unknown}
 L - a scroll of enchant weapon
 R - 2 scrolls of blinking
 S - a scroll of enchant armour
 T - a scroll of silence {unknown}
Potions
 h - 3 potions of agility
 i - a potion of berserk rage {unknown}
 j - a potion of brilliance
 k - 6 potions of curing
 l - 6 potions of haste
 o - 3 potions of invisibility
 s - 2 potions of resistance
 v - 6 potions of heal wounds
 z - 3 potions of lignification
 A - 3 potions of might
 C - 3 potions of flight
 H - 2 potions of degeneration {unknown}
 M - a potion of cure mutation {unknown}
Books
 e - a book of Changes

   Spells                             Type                      Level
   a - Beastly Appendage              Transmutation                1
   b - Sticks to Snakes               Transmutation                2
   c - Spider Form                    Transmutation/Poison         3
   d - Ice Form                       Ice/Transmutation            4
   e - Blade Hands                    Transmutation                5
 p - a book of Frost

   Spells                             Type                      Level
   a - Freeze                         Ice                          1
   b - Throw Frost                    Conjuration/Ice              2
   c - Ozocubu's Armour               Charms/Ice                   3
   d - Throw Icicle                   Conjuration/Ice              4
   e - Summon Ice Beast               Ice/Summoning                4
 u - a book of Cantrips

   Spells                             Type                      Level
   a - Confusing Touch                Hexes                        1
   b - Animate Skeleton               Necromancy                   1
   c - Summon Small Mammal            Summoning                    1
   d - Apportation                    Translocation                1
 V - a book of Debilitation

   Spells                             Type                      Level
   a - Corona                         Hexes                        1
   b - Slow                           Hexes                        2
   c - Gell's Gravitas                Hexes/Translocation          3
   d - Inner Flame                    Hexes/Fire                   3
   e - Cause Fear                     Hexes                        4
   f - Leda's Liquefaction            Hexes/Earth                  4
Comestibles
 b - 10 bread rations
 c - 2 meat rations
 d - 7 beef jerkies
 G - 7 slices of pizza
 P - 2 fruits
 Q - 2 royal jellies
 W - 8 chunks of flesh


   Skills:
 + Level 8.8 Fighting
 - Level 5.4 Throwing
 + Level 4.3 Armour
 - Level 6.3 Dodging
 - Level 1.0 Stealth
 + Level 12.6 Unarmed Combat


You had 10 spell levels left.
You didn't know any spells.

Dungeon Overview and Level Annotations

Branches:
Dungeon (12/15)            Temple (1/1) D:4            Lair (2/6) D:10
  Swamp: Lair:2-4    Shoals: Lair:2-4     Snake: Lair:2-4    Spider: Lair:2-4
    Orc: D:9-12

Altars:
Ashenzari
Dithmenos
Hepliaklqana
Kikubaaqudgha
Nemelex Xobeh
Okawaru
Qazlal
Ru
Sif Muna
Trog
Uskayaw
Vehumet
Xom
Yredelemnul
Zin
The Shining One

Annotations:
D:11 jazmu's ghost, novice DgFE


Innate Abilities, Weirdness & Mutations

You are too large for most types of armour.
You have claws for hands.
Your metabolism is lightning-fast.
You like to eat raw meat.
Your natural rate of healing is unusually fast.
You are covered in fur. (AC +1)
You have very tough skin. (AC +2)
You cannot study or use magical devices.
You are hated by all.
You are sensitive to extremes of temperature. (rF-, rC-)


Message History

Jazmu's ghost is lightly damaged.
Jazmu's ghost hits you but does no damage.
You barely miss jazmu's ghost.
Jazmu's ghost is lightly damaged.
Jazmu's ghost begins to cast a spell, but is stunned by your will!
You barely miss jazmu's ghost.
Jazmu's ghost is lightly damaged.
Jazmu's ghost is stunned by your will and fails to attack.
You closely miss jazmu's ghost.
Jazmu's ghost is lightly damaged.
Jazmu's ghost hits you but does no damage.
You are electrocuted!
You closely miss jazmu's ghost.
Jazmu's ghost is lightly damaged.
A red ugly thing comes into view.
The red ugly thing closely misses you.
There is a stone staircase leading down here.
Jazmu's ghost hits you.
You are electrocuted!
The red ugly thing punches you!
You are engulfed in flames!!
The fire burns you terribly!
You die...

###############
. ### $.. .$#
.P.P.####.#
.._....W@.#
.P.P.####u# ...
.# . )# .# .#
.. ##


You could see a red ugly thing and jazmu's ghost.

Vanquished Creatures
  Snorg (D:12)
  Erica (D:9)
  2 hill giants
  Pikel (D:9)
  An ugly thing (D:11)
  Joseph (D:7)
  Psyche (D:11)
  A spiny frog (Lair:1)
  3 komodo dragons
  A two-headed ogre (D:10)
  A hippogriff (D:9)
  A human (D:7)
  5 yaks
  4 hogs (D:7)
  Grum (D:9)
  3 hungry ghosts
  A steam dragon (D:10)
  Menkaure (D:6)
  Duvessa (D:7)
  3 orc warriors
  A water moccasin (Lair:1)
  An ice beast (D:10)
  4 sky beasts
  4 slaves (D:9)
  A black bear (Lair:2)
  A phantom (D:6)
  A necrophage (D:10)
  3 ogres
  6 crocodiles
  3 wolves (D:9)
  8 centaurs
  2 big kobolds (D:9)
  4 bullfrogs
  A gnoll sergeant (D:9)
  Dowan (D:7)
  A wyvern skeleton (D:10)
  4 scorpions
  18 killer bees
  3 howler monkeys
  A bullfrog zombie (D:11)
  5 crimson imps
  Crazy Yiuf (D:6)
  A jelly (D:9)
  6 orc priests
  4 hounds
  13 orc wizards
  A bullfrog skeleton (D:6)
  2 centaur skeletons (D:10)
  Terence (D:2)
  6 iguanas
  9 worker ants
  A worker ant zombie (D:8)
  Robin (D:2)
  10 gnolls
  A howler monkey skeleton (D:8)
  11 adders
  4 shadow imps
  2 oozes
  An adder zombie (D:8)
  3 adder skeletons
  3 worms
  2 dart slugs
  3 leopard geckos
  18 orcs
  2 giant cockroaches
  14 goblins
  9 hobgoblins
  10 jackals
  2 quokkas
  10 bats
  3 frilled lizards
  A hobgoblin zombie (D:7)
  17 kobolds
  A kobold skeleton (D:7)
  A kobold zombie (D:7)
  A leopard gecko skeleton (D:8)
  An orc skeleton (D:7)
  2 orc zombies (D:7)
  7 rats
292 creatures vanquished.

Vanquished Creatures (others)
  A centaur (D:11)
  2 killer bees (D:9)
  An orc wizard (D:11)
  A gnoll (D:5)
  A hobgoblin zombie (D:7)
  An orc zombie (D:7)
7 creatures vanquished.

Grand Total: 299 creatures vanquished

Notes
Turn   | Place    | Note
-------+----------+-------------------------------------------
     0 | D:1      | mmcf the Troll Monk began the quest for the Orb.
     0 | D:1      | Reached XP level 1. HP: 22/22 MP: 0/0
   311 | D:1      | Reached XP level 2. HP: 29/29 MP: 1/1
   881 | D:2      | Found a radiant altar of Vehumet.
   947 | D:2      | Reached XP level 3. HP: 36/36 MP: 2/2
  1179 | D:2      | Reached XP level 4. HP: 44/44 MP: 3/3
  1231 | D:2      | Reached skill level 4 in Unarmed Combat
  1248 | D:2      | Noticed Robin
  1306 | D:2      | Killed Robin
  1421 | D:2      | Noticed Terence
  1426 | D:2      | Killed Terence
  1587 | D:2      | Reached XP level 5. HP: 53/53 MP: 4/4
  2307 | D:3      | Reached skill level 5 in Unarmed Combat
  2838 | D:5      | Entered Level 5 of the Dungeon
  2858 | D:4      | Found a hide-covered altar of Uskayaw.
  2940 | D:4      | Reached XP level 6. HP: 61/61 MP: 5/5
  3023 | D:4      | Found a staircase to the Ecumenical Temple.
  3031 | Temple   | Entered the Ecumenical Temple
  3105 | Temple   | Became a worshipper of Ru the Awakened
  3118 | Temple   | Gained mutation: You cannot study or use magical devices. [Ru sacrifice]
  3118 | Temple   | Reached * piety under Ru
  3118 | Temple   | Reached ** piety under Ru
  3118 | Temple   | Reached *** piety under Ru
  3460 | D:5      | Found a shadowy altar of Dithmenos.
  3648 | D:6      | Found a hazy altar of Hepliaklqana.
  3679 | D:5      | Reached skill level 6 in Unarmed Combat
  4096 | D:6      | Noticed Menkaure
  4107 | D:6      | Killed Menkaure
  4107 | D:6      | Reached XP level 7. HP: 68/68 MP: 6/6
  4397 | D:6      | Reached skill level 1 in Throwing
  4528 | D:6      | Found a runed door.
  4532 | D:6      | Noticed Crazy Yiuf
  4543 | D:6      | Killed Crazy Yiuf
  4633 | D:6      | Reached skill level 7 in Unarmed Combat
  4673 | D:6      | Reached XP level 8. HP: 29/79 MP: 7/7
  4974 | D:6      | Found a bloodstained altar of Trog.
  5286 | D:7      | Reached skill level 8 in Unarmed Combat
  5310 | D:7      | Gained mutation: You are hated by all. [Ru sacrifice]
  5363 | D:7      | Reached skill level 5 in Fighting
  5565 | D:7      | Found a glowing golden altar of the Shining One.
  5566 | D:7      | Noticed Joseph
  5592 | D:7      | Killed Joseph
  5592 | D:7      | Reached skill level 9 in Unarmed Combat
  5592 | D:7      | Reached XP level 9. HP: 12/88 MP: 8/8
  6100 | D:7      | Noticed Duvessa
  6100 | D:7      | Noticed Dowan
  6143 | D:7      | Killed Duvessa
  6154 | D:7      | Killed Dowan
  6436 | D:9      | Reached skill level 10 in Unarmed Combat
  6441 | D:9      | Reached skill level 5 in Throwing
  6983 | D:9      | Noticed Pikel
  7064 | D:8      | Gained mutation: You are sensitive to extremes of temperature. (rF-, rC-) [Ru sacrifice]
  7064 | D:8      | Reached **** piety under Ru
  7064 | D:8      | Reached ***** piety under Ru
  7064 | D:8      | Reached ****** piety under Ru
  7505 | D:8      | Reached XP level 10. HP: 99/100 MP: 9/9
  7545 | D:10     | Entered Level 10 of the Dungeon
  7633 | D:9      | Killed Pikel
  7633 | D:9      | Reached skill level 11 in Unarmed Combat
  7784 | D:9      | Noticed Grum
  8084 | D:9      | Killed Grum
  8131 | D:9      | Found a glowing silver altar of Zin.
  8155 | D:9      | Reached skill level 1 in Armour
  8173 | D:9      | Noticed an angel
  8177 | D:9      | Found a shimmering altar of Xom.
  8188 | D:9      | Reached skill level 5 in Dodging
  8243 | D:9      | Noticed Erica
  8257 | D:9      | Killed Erica
  8531 | D:9      | Found a deep blue altar of Sif Muna.
  9031 | D:10     | Reached XP level 11. HP: 99/109 MP: 10/10
  9118 | D:10     | Found a staircase to the Lair.
  9644 | D:10     | Noticed a hill giant
  9651 | D:10     | Killed a hill giant
  9758 | D:10     | Identified a scroll of acquirement
  9761 | D:10     | Got distressingly furry shadow dragon scales
  9772 | D:10     | Identified the +6 shadow dragon scales of Dithmenos's Generosity {rCorr Stlth++++} (You acquired it on level 10 of the Dungeon)
  9966 | Lair:1   | Entered Level 1 of the Lair of Beasts
 10085 | Lair:1   | Reached skill level 12 in Unarmed Combat
 10576 | Lair:1   | Noticed a six-headed hydra
 10837 | D:11     | Noticed a hill giant
 10841 | D:11     | Noticed Psyche
 10857 | D:11     | Killed Psyche
 10859 | D:11     | Killed a hill giant
 11062 | D:11     | Noticed a green ugly thing
 11090 | D:11     | Killed a green ugly thing
 11381 | D:11     | Found a basalt altar of Yredelemnul.
 11381 | D:11     | Noticed Snorg
 11381 | D:11     | Noticed jazmu's ghost (novice DgFE)
 11389 | D:12     | Killed Snorg
 11419 | D:11     | Noticed a red ugly thing
 11420 | D:11     | Slain by a red ugly thing

Skill      XL: |  1  2  3  4  5  6  7  8  9 10 11 |
---------------+----------------------------------+-----
Dodging        | 3 4 5 6 |  6.3
Unarmed Combat | 4 5 6 7 9 10 11 12 | 12.6
Fighting       | 3 4 5 6 7 8 |  8.8
Throwing       | 2 4 5 |  5.4
Armour         | 2 4 |  4.3
Stealth        | |  1.0

Action                   |  1- 3 |  4- 6 |  7- 9 | 10-12 || total
-------------------------+-------+-------+-------+-------++-------
Melee: Unarmed           |   106 |   101 |   265 |   480 ||   952
       Punch             |     3 |     3 |    19 |    22 ||    47
       Morningstar       |       |       |       |     4 ||     4
 Fire: Hunting sling     |       |    69 |       |       ||    69
       Blowgun           |       |       |       |     7 ||     7
       Fustibalus        |       |       |       |     1 ||     1
Invok: Sacrifice Artific |       |     1 |       |       ||     1
       Draw Out Power    |       |       |     3 |       ||     3
       Sacrifice Love    |       |       |     1 |       ||     1
       Sacrifice Resista |       |       |     1 |       ||     1
       Power Leap        |       |       |       |     1 ||     1
  Use: Scroll            |       |    14 |     5 |     7 ||    26
 Stab: Sleeping          |     1 |     2 |     1 |     4 ||     8
       Distracted        |     1 |       |       |     4 ||     5
       Invisible         |       |       |       |     9 ||     9
       Paralysed         |       |       |       |     7 ||     7
  Eat: Chunk             |    16 |    25 |    38 |    36 ||   115
Armor: Robe              |    51 |    39 |    63 |    54 ||   207
       Shadow dragon sca |       |       |       |   113 ||   113
       Steam dragon scal |       |       |       |     1 ||     1
Dodge: Dodged            |    75 |    64 |   126 |   251 ||   516
